 Dungeon Crawl Stone Soup version 0.30-a0-857-gcaf70739d4 (webtiles) character file.

Game seed: 17582731570366048038

506 bmack86 the Chopper (level 6, -1/56 HPs)
             Began as a Minotaur Fighter on Mar 5, 2023.
             Was a Follower of Okawaru.
             Slain by an acid dragon (6 damage)
             ... on level 5 of the Dungeon.
             The game lasted 00:10:58 (4276 turns).

bmack86 the Chopper (Minotaur Fighter)              Turns: 4276, Time: 00:10:58

Health: -1/56      AC:  7    Str: 23    XL:     6   Next: 97%
Magic:  6/6        EV:  7    Int:  5    God:    Okawaru [*.....]
Gold:   187        SH:  4    Dex:  9    Spells: 5/5 levels left

rFire   . . .      SeeInvis .    a - +0 war axe
rCold   + . .      Faith    .    c - +0 buckler
rNeg    . . .      Spirit   .    f - +0 chain mail
rPois   .          Reflect  .    (helmet restricted)
rElec   .          Rampage  .    (no cloak)
rCorr   .                        l - +0 pair of gloves
Will    .....                    (no boots) Stlth
                                 s - amulet of regeneration
HPRegen 1.09/turn                g - ring of protection from cold
MPRegen 0.10/turn                (no ring)

@: corroded
A: horns 2, retaliatory headbutt
a: Renounce Religion, Heroism


You were on level 5 of the Dungeon.
You worshipped Okawaru.
Okawaru was aware of your devotion.
You visited 2 branches of the dungeon, and saw 7 of its levels.

You collected 187 gold pieces.

Inventory:

Hand Weapons
 a - a +0 war axe (weapon)
Armour
 b - a +0 scale mail
 c - a +0 buckler (worn)
 f - a +0 chain mail (worn)
 l - a +0 pair of gloves (worn)
Jewellery
 g - a ring of protection from cold (left hand)
 i - an amulet of guardian spirit
 s - an amulet of regeneration (around neck)
Wands
 p - a wand of polymorph (15)
Scrolls
 j - a scroll of poison {unknown}
 n - a scroll of fear
 o - 2 scrolls of fog
 q - a scroll of magic mapping
 t - 2 scrolls of immolation {unknown}
 u - a scroll of enchant armour {unknown}
Potions
 d - 6 potions of might
 e - a potion of flight {unknown}
 h - 3 potions of curing
 k - 2 potions of attraction
 m - 2 potions of haste
 r - a potion of brilliance {unknown}


   Skills:
 + Level 5.2 Fighting
 * Level 5.8 Axes
 + Level 5.2 Armour
 + Level 5.2 Shields
 + Level 1.5 Invocations


You had 5 spell levels left.
You didn't know any spells.
Your spell library was empty.

Dungeon Overview and Level Annotations

Branches:
Dungeon (6/15)             Temple (1/1) D:4

Altars:
Ashenzari
Cheibriados
Dithmenos
Elyvilon
Fedhas
Hepliaklqana
Kikubaaqudgha
Makhleb
Nemelex Xobeh
Okawaru
Qazlal
Sif Muna
Trog
Uskayaw
Wu Jian
Xom
Yredelemnul
The Shining One

Shops:
D:4 =

Annotations:
D:5 Sigmund


Innate Abilities, Weirdness & Mutations

You have a pair of horns on your head.
You reflexively headbutt those who attack you in melee.


Message History

You closely miss the acid dragon. You headbutt the acid dragon.
The acid dragon is lightly wounded.
The acid dragon bites you!
The acid dragon claws you but does no damage.
You hit the acid dragon but do no damage.
The acid dragon is lightly wounded.
You block the acid dragon's attack. The acid dragon barely misses you.
The acid dragon spits acid at you. The splash of acid hits you!!
You closely miss the acid dragon.
The acid dragon is lightly wounded.
The acid dragon bites you but does no damage.
The acid dragon closely misses you.
You hit the acid dragon.
The acid dragon is lightly wounded.
The acid dragon bites you but does no damage.
The acid dragon claws you but does no damage.
You slash the acid dragon! You headbutt the acid dragon.
The acid dragon is almost dead.
Sigmund the Dreaded comes into view.
He is wielding a +0 scythe.
The acid dragon bites you but does no damage.
The acid dragon claws you but does no damage.
You closely miss the acid dragon.
The acid dragon is almost dead.
You block the acid dragon's attack. The acid dragon claws you.
You barely miss the acid dragon.
The acid dragon is almost dead.
The acid dragon spits acid at you. The splash of acid hits you!!
* * * LOW HITPOINT WARNING * * *
The acid corrodes you! The acid dragon bites you!
* * * LOW HITPOINT WARNING * * *
You block the acid dragon's attack.
You barely miss the acid dragon.
You headbutt the acid dragon, but do no damage.
The acid dragon is almost dead.
Sigmund hits you from afar with a +0 scythe.
* * * LOW HITPOINT WARNING * * *
The acid dragon bites you.
You die...

#.##...# #.##...# #.#
..##...# #.. ..##...###
#.# ...'...'.# #.#
..##...#.# ..#
.......#.# #.####.##
.#.###.#.#######........
.....<..........@D@..>..
..###################...
......... .#######.
.####### .....).#
######.# # #.# # #.#


You could see an acid dragon and Sigmund.

Vanquished Creatures
  A phantom (D:5)
  3 scorpions
  A hound (D:3)
  Terence (D:2)
  An iguana (D:4)
  An orc wizard (D:3)
  4 gnolls
  4 adders
  2 worms
  3 dart slugs
  7 orcs
  7 ball pythons
  4 bats
  8 endoplasms
  5 giant cockroaches
  4 goblins
  A hobgoblin (D:2)
  A jackal (D:2)
  5 quokkas
  3 frilled lizards (D:1)
  6 kobolds
  2 rats (D:2)
74 creatures vanquished.

Vanquished Creatures (others)
  A wizard (D:4)
1 creature vanquished.

Grand Total: 75 creatures vanquished

Notes
Turn   | Place    | Note
-------+----------+-------------------------------------------
     0 | D:1      | bmack86 the Minotaur Fighter began the quest for the Orb.
     0 | D:1      | Reached XP level 1. HP: 19/19 MP: 0/0
   366 | D:1      | Reached XP level 2. HP: 27/27 MP: 1/1
   924 | D:2      | Reached XP level 3. HP: 33/33 MP: 2/2
  1269 | D:2      | Noticed Terence
  1275 | D:2      | Killed Terence
  1407 | D:2      | Reached XP level 4. HP: 40/40 MP: 3/3
  1866 | D:3      | Found a faded altar of an unknown god.
  2342 | D:3      | Reached XP level 5. HP: 41/47 MP: 2/4
  2599 | D:4      | Found a shimmering blue altar of Sif Muna.
  2647 | D:4      | Found an ancient bone altar of Kikubaaqudgha.
  2754 | D:4      | Found a snail-covered altar of Cheibriados.
  2760 | D:4      | Found a staircase to the Ecumenical Temple.
  2767 | Temple   | Entered the Ecumenical Temple
  2860 | Temple   | Became a worshipper of Warmaster Okawaru
  3072 | D:4      | Reached skill level 5 in Axes
  3072 | D:4      | Reached XP level 6. HP: 55/55 MP: 5/5
  3152 | D:4      | Found Tacissunn's Jewellery Shop.
  3337 | D:4      | You fall into a shaft and drop 2 floors!
  3343 | D:5      | Entered Level 5 of the Dungeon
  3366 | D:5      | Reached skill level 5 in Fighting
  3366 | D:5      | Reached skill level 5 in Armour
  3366 | D:5      | Reached skill level 5 in Shields
  3366 | D:5      | Reached skill level 1 in Invocations
  3685 | D:4      | Found a bloodstained altar of Trog.
  3691 | D:4      | Noticed a wizard
  3693 | D:4      | Killed a wizard
  3764 | D:4      | Reached * piety under Okawaru
  4265 | D:5      | Noticed an acid dragon
  4273 | D:5      | Noticed Sigmund
  4276 | D:5      | Slain by an acid dragon

Illustrated notes

Levels and vault maps discovered:
D:1:      lightli_arrival_statue_moat, layout_basic,
          chequers_serial_rivers_micro_b
D:2:      kennysheep_six_static_rooms, layout_basic,
          chequers_serial_rivers_micro_c, uniq_terence
D:3:      layout_loops_corners, basic_ecumenical_altar
D:4:      layout_basic, kiku_gazebo_pond_becter, cheibriados_altar_1,
          trog_wizard, lemuel_tele_altar, minmay_temple_entry_enclosed_plants,
          serial_shops, kennysheep_mini
D:5:      layout_basic, old_standard_altar, uniq_sigmund
D:6:      layout_loops_cross, lemuel_coloured_pillars_altar,
          grunt_gozag_breadcrumbs, nrook_uturn, uniq_crazy_yiuf_cottage,
          uniq_eustachio
Temple:   eino_temple_water

Skill      XL: |  1  2  3  4  5  6 |
---------------+-------------------+-----
Axes           | 3 4 5 |  5.8
Fighting       | 4 5 |  5.2
Armour         | 4 5 |  5.2
Shields        | 4 5 |  5.2
Invocations    | 1 |  1.5

Action                     |  1- 3 |  4- 6 || total
---------------------------+-------+-------++-------
  Melee: War axe           |    54 |   143 ||   197
         Headbutt          |     3 |    17 ||    20
    Use: Scroll            |     4 |     6 ||    10
         Potion            |       |     1 ||     1
 Armour: Chain mail        |    29 |    78 ||   107
         Scale mail        |     3 |       ||     3
  Dodge: Dodged            |    17 |    50 ||    67
  Block: Buckler           |    16 |    36 ||    52

Table legend: (Time is in decaauts)
 A = Elapsed time spent in this place.
 B = Non-inter-level travel time spent in this place.
 C = Inter-level travel time spent in this place.
 D = Time resting spent in this place.
 E = Time spent auto-exploring this place.
 F = Levels seen in this place.
 G = Mean time per level.
                   A        B        C        D        E       F      G
               +--------+--------+--------+--------+--------+-----+--------+
         Total |   4340 |   4232 |    108 |     36 |   2990 |   7 |  620.0 |
       Dungeon |   4108 |   4011 |     97 |     36 |   2791 |   6 |  684.7 |
        Temple |    231 |    220 |     11 |      0 |    199 |   1 |  231.0 |
               +--------+--------+--------+--------+--------+-----+--------+

Top non-repeatable levels by time:
     D:4: 1193 daAuts
     D:2: 939 daAuts
     D:3: 905 daAuts
     D:1: 769 daAuts
     D:5: 294 daAuts
  Temple: 231 daAuts
     D:6: 5 daAuts
